 Dungeon Crawl Stone Soup version 0.32-a0-913-g739538afd8 (webtiles) character file.

Game seed: 9411695120302810757

1909 Bediveer the Skirmisher (level 8, -3/58 HPs)
             Began as a Vampire Hunter on Apr 9, 2024.
             Incinerated by a bombardier beetle (6 damage)
             ... with a burning spray
             ... on level 5 of the Dungeon.
             The game lasted 00:08:45 (5168 turns).

Bediveer the Skirmisher (Vampire Hunter)            Turns: 5168, Time: 00:08:46

Health: -3/58      AC: 20    Str: 10    XL:     8   Next: 94%
Magic:  8/8        EV:  5    Int: 15    God:
Gold:   243        SH:  0    Dex: 19    Spells: 7/7 levels left

rFire   . . .        v - +0 orcbow
rCold   . . .        (shield currently unavailable)
rNeg    + . .        x - +5 chain mail "Lailell" {rN+ Will++ Int+3}
rPois   +            s - +1 helmet
rElec   .            (no cloak)
rCorr   .            (no gloves)
SInv    +            (no boots)
Will    ++...        d - amulet of regeneration Stlth
                     f - +4 ring of protection
HPRegen 1.29/turn    w - ring of poison resistance
MPRegen 0.11/turn

%: no passive effects
@: on fire, healing quickly, hasted, glowing, very quick
A: alive, fangs 3, see invisible, vampiric 2
a: Exsanguinate


You were on level 5 of the Dungeon.
You visited 2 branches of the dungeon, and saw 7 of its levels.
You also visited: Sewer.

You collected 243 gold pieces.

Inventory:

Hand Weapons
 a - a +0 shortbow
 v - a +0 orcbow (weapon)
Armour
 c - a +0 leather armour
 j - the +2 ring mail of Atuwkos {rF+}
   (You found it on level 2 of the Dungeon)

   rF+:       It protects you from fire.
 s - a +1 helmet (worn)
 x - the +5 chain mail "Lailell" (worn) {rN+ Will++ Int+3}
   (You found it on level 5 of the Dungeon)

   Int+3:     It affects your intelligence (+3).
   rN+:       It protects you from negative energy.
   Will++:    It greatly increases your willpower.
Jewellery
 d - an amulet of regeneration (around neck)
 f - a +4 ring of protection (left hand)
 i - a ring of protection from fire
 u - a ring of flight
 w - a ring of poison resistance (right hand)
Scrolls
 b - 3 scrolls of fog
 g - a scroll of enchant armour
 k - a scroll of enchant weapon
 p - a scroll of blinking
 q - a scroll of torment
 t - 4 scrolls of teleportation
Potions
 r - a potion of invisibility {unknown}


   Skills:
 - Level 3.0 Fighting
 * Level 9.0 Ranged Weapons
 + Level 4.4 Armour
 - Level 2.1 Dodging
 - Level 1.5 Stealth


You had 7 spell levels left.
You didn't know any spells.
Your spell library contained the following spells:

 Spells                   Type           Power      Damage    Failure   Level
 Kiss of Death            Conj/Necr      0%         2d5       100%        1
 Jinxbite                 Hex            0%         N/A       100%        2
 Confusing Touch          Hex            0%         N/A       100%        3
 Passwall                 Erth           0%         N/A       100%        3
 Volatile Blastmotes      Fire/Tloc      0%         2d10      100%        3
 Dispel Undead            Necr           0%         3d6       100%        4
 Vhi's Electric Charge    Tloc/Air       0%         N/A       100%        4
 Yara's Violent Unravell  Hex/Alch       0%         3d3       100%        5
 Bombard                  Conj/Erth      0%         9d1       100%        6
 Enfeeble                 Hex            0%         N/A       100%        7


Dungeon Overview and Level Annotations

Branches:
Dungeon (6/15)             Temple (1/1) D:4           Sewer (visited)

Altars:
Cheibriados
Dithmenos
Fedhas
Hepliaklqana
Kikubaaqudgha
Makhleb
Nemelex Xobeh
Okawaru
Ru
Sif Muna
Trog
Uskayaw
Vehumet
Wu Jian
Xom
Yredelemnul

Shops:
D:2 =

Annotations:
D:2 1 runed translucent door, Crazy Yiuf
D:4 2 transporters


Innate Abilities, Weirdness & Mutations

Your natural rate of healing is accelerated.
You have razor-sharp teeth.
You have supernaturally acute eyesight. (SInv)
You are afflicted with vampirism and can become a bat while bloodless.


Message History

The bombardier beetle is severely wounded.
The liquid fire burns you!
* * * LOW HITPOINT WARNING * * *
The bombardier beetle bites you but does no damage.
You shoot an arrow.
The arrow barely misses the bombardier beetle.
The liquid fire burns you!
* * * LOW HITPOINT WARNING * * *
The bombardier beetle sprays incendiary fluid at you.
The burning spray hits you.
You are even more covered in liquid fire!
You feel better. The liquid fire burns you!
* * * LOW HITPOINT WARNING * * *
The bombardier beetle barely misses you.
You shoot an arrow.
The arrow closely misses the bombardier beetle.
The liquid fire burns you!
* * * LOW HITPOINT WARNING * * *
The bombardier beetle sprays incendiary fluid at you.
The burning spray hits you.
You are even more covered in liquid fire!
You feel better. The liquid fire burns you!
* * * LOW HITPOINT WARNING * * *
You shoot an arrow. The arrow hits the bombardier beetle!
You kill the bombardier beetle!
The liquid fire burns you!
* * * LOW HITPOINT WARNING * * *
Your Ranged Weapons skill increases to level 9!
The liquid fire burns you!
* * * LOW HITPOINT WARNING * * *
You shake off some of the fire as you move.
You climb upwards.
The liquid fire burns you!
* * * LOW HITPOINT WARNING * * *
There is a stone staircase leading down here.
It was a potion of haste.
You feel yourself speed up. The liquid fire burns you!
You die...

#.#............#.#..#
#.#............#.#..#
##.†..............#..####
#).......................
##.####.####.........####
#.# #..###.#......## #.#
#...)....†....## #^#
#..######......# #.#
#.@$...........#
#.####...#..........#
#...##..............####
#.#.##..................
###.##..#.#.........####
#.#####.#.##.........#
#.#(....#.###........#
#.#.#####.# ##.......#
#.#.# #.# #.......#


There were no monsters in sight!

Vanquished Creatures
  Sigmund (D:3)
  Edmund (D:5)
  An acid dragon (D:5)
  2 water moccasins
  Pargi (D:3)
  A centaur (D:4)
  An ogre (D:4)
  A phantom (D:5)
  2 bullfrogs (Sewer)
  A howler monkey (D:5)
  3 bombardier beetles
  2 hounds (D:5)
  2 jellies (D:4)
  An orc priest (D:6)
  A gnoll bouda (D:5)
  4 iguanas (D:5)
  An orc wizard (D:5)
  Robin (D:2)
  12 gnolls
  16 adders
  A shadow imp (D:6)
  9 dart slugs (Sewer)
  2 ribbon worms (D:2)
  8 orcs
  11 ball pythons
  9 endoplasms
  11 giant cockroaches
  11 goblins
  11 hobgoblins
  10 jackals
  5 quokkas
  5 bats
  4 frilled lizards
  4 kobolds
  3 rats
159 creatures vanquished.

Notes
Turn   | Place    | Note
-------+----------+-------------------------------------------
     0 | D:1      | Bediveer the Vampire Hunter began the quest for the Orb.
     0 | D:1      | Reached XP level 1. HP: 16/16 MP: 1/1
    65 | D:1      | Reached XP level 2. HP: 22/22 MP: 2/2
   427 | D:1      | Found a faded altar of an unknown god.
   542 | D:1      | Gained mutation: You are afflicted with vampirism and can
                  | become a bat while bloodless. [Vampire growth]
   542 | D:1      | Reached XP level 3. HP: 27/27 MP: 3/3
   673 | D:2      | Identified the +2 ring mail of Atuwkos {rF+}
   694 | D:2      | Noticed Robin
   711 | D:2      | Reached skill level 4 in Ranged Weapons
   727 | D:2      | Killed Robin
   767 | D:2      | Reached XP level 4. HP: 34/34 MP: 4/4
  1133 | D:2      | Found a runed translucent door.
  1134 | D:2      | Noticed Crazy Yiuf
  1303 | D:2      | Found Vialec's Jewellery Shop.
  1727 | D:3      | Identified the +4 quarterstaff of Zuysiar {venom, rN++
                  | Int+2}
  1757 | D:3      | Found a glowing drain.
  1773 | Sewer    | Entered a sewer
  1776 | Sewer    | Reached XP level 5. HP: 39/40 MP: 5/5
  1819 | Sewer    | Reached skill level 1 in Armour
  1964 | Sewer    | Reached skill level 5 in Ranged Weapons
  2089 | Sewer    | Reached XP level 6. HP: 45/47 MP: 6/6
  2348 | D:3      | Found a snail-covered altar of Cheibriados.
  2471 | D:3      | Noticed Pargi
  2491 | D:3      | Killed Pargi
  2492 | D:3      | Reached skill level 6 in Ranged Weapons
  2492 | D:3      | Reached XP level 7. HP: 41/52 MP: 7/7
  2542 | D:3      | Noticed Sigmund
  2566 | D:3      | Killed Sigmund
  3533 | D:4      | Found a transporter.
  3578 | D:4      | Reached skill level 7 in Ranged Weapons
  3667 | D:4      | Found a staircase to the Ecumenical Temple.
  3686 | Temple   | Entered the Ecumenical Temple
  3776 | D:4      | Found a transporter.
  3790 | D:4      | Reached XP level 8. HP: 55/58 MP: 8/8
  3994 | D:5      | Entered Level 5 of the Dungeon
  4037 | D:5      | Identified the +5 chain mail "Lailell" {rN+ Will++ Int+3}
  4389 | D:5      | Reached skill level 8 in Ranged Weapons
  5001 | D:6      | Found a shadowy altar of Dithmenos.
  5051 | D:6      | Noticed Edmund
  5079 | D:5      | Killed Edmund
  5166 | D:6      | Reached skill level 9 in Ranged Weapons
  5167 | D:5      | HP: 1/58 [burnt (4)]
  5168 | D:5      | Incinerated by a bombardier beetle

Illustrated notes

Levels and vault maps discovered:
D:1:      grunt_arrival_lava_bath, layout_loops_cross,
          ebering_ecumenical_altar_petrified, minmay_large_rounded_square
D:2:      layout_rooms, serial_shops, shop, hex_tiny, hangedman_glass_teeth,
          uniq_robin, uniq_crazy_yiuf_cottage
D:3:      layout_basic, slow_altar_2, portal_sewer_entry_d, minmay_circle_x,
          uniq_pargi, uniq_sigmund
D:4:      gammafunk_wand_slinger, layout_basic, minmay_temple_entry_sparse_star
D:5:      layout_basic
D:6:      layout_rooms, nicolae_gozag_seed_capital, grunt_dithmenos_shadows,
          uniq_edmund
Temple:   sentei_temple_godly_chess

Skill      XL: |  1  2  3  4  5  6  7  8 |
---------------+-------------------------+-----
Fighting       | 2 3 |  3.0
Ranged Weapons | 4 5 6 7 9 |  9.0
Armour         | 1 2 3 4 |  4.4
Dodging        | |  2.1
Stealth        | |  1.5

Action                     |  1- 3 |  4- 6 |  7- 9 || total
---------------------------+-------+-------+-------++-------
  Melee: Shortbow          |       |     2 |       ||     2
   Fire: Shortbow          |    97 |   270 |   136 ||   503
         Orcbow            |       |       |   153 ||   153
    Use: Scroll            |       |     6 |     5 ||    11
         Potion            |       |     1 |     8 ||     9
 Armour: Leather armour    |     3 |       |       ||     3
         Ring mail         |    54 |   222 |   143 ||   419
         Chain mail        |       |       |   225 ||   225
  Dodge: Dodged            |    40 |   111 |   111 ||   262

Table legend: (Time is in decaauts)
 A = Elapsed time spent in this place.
 B = Non-inter-level travel time spent in this place.
 C = Inter-level travel time spent in this place.
 D = Time resting spent in this place.
 E = Time spent auto-exploring this place.
 F = Levels seen in this place.
 G = Mean time per level.
                   A        B        C        D        E       F      G
               +--------+--------+--------+--------+--------+-----+--------+
         Total |   5496 |   5236 |    260 |    496 |   3367 |   8 |  687.0 |
       Dungeon |   4977 |   4718 |    259 |    496 |   3144 |   6 |  829.5 |
        Temple |      1 |      0 |      1 |      0 |      0 |   1 |    1.0 |
         Sewer |    516 |    516 |      0 |      0 |    223 |   1 |  516.0 |
               +--------+--------+--------+--------+--------+-----+--------+

Top non-repeatable levels by time:
     D:5: 1190 daAuts
     D:3: 1109 daAuts
     D:2: 1108 daAuts
     D:4: 818 daAuts
     D:1: 674 daAuts
   Sewer: 516 daAuts
     D:6: 77 daAuts
  Temple: 1 daAuts
